[Event "CAT-chT Honor Division 2019"]
[Site "Catalonia"]
[Date "2019.01.19"]
[Round "1"]
[White "Varela La Madrid, Tilsia Carolina"]
[Black "Plachkinova, Tatjana"]
[Result "1-0"]
[ECO "B22"]
[WhiteElo "2086"]
[BlackElo "2059"]
[Annotator "NA RC"]
[PlyCount "72"]
[EventDate "2019.01.16"]
[EventType "team-tourn"]
[EventCountry "ESP"]
[SourceTitle "playchess.com"]
[Source "ChessBase"]
[SourceQuality "1"]
[TimeControl "5400+30"]

1. e4 c5 2. c3 Nf6 3. e5 Nd5 4. d4 cxd4 5. Nf3 Nc6 6. cxd4 d6 7. Bc4 e6 8. O-O Nb6 9. Bd3 Be7 10. a3 O-O 11. Nc3 f6 12. exf6 Bxf6 13. Bc2 d5 14. Re1 Nc4 15. Qd3 g6 16. b3 Nd6 17. Bb2 Nf5 18. Ne2 Qd6 19. Ng3 Nxg3 20. hxg3 Bd7 21. b4 a6 22. Rad1 Rac8 23. Bb3 Ne7 24. Bc1 Bb5 25. Qe3 Nf5 26. Qxe6+ Qxe6 27. Rxe6 Nxd4 28. Nxd4 Bxd4 29. Bxd5 Bxf2+ 30. Kh2 Rf5 31. Rxg6+ Kf8 32. Rg8+ Ke7 33. Bg5+ Rxg5 34. Rxg5 Kf6 35. Rg8 Rc3 36. Rf8+ Ke5 1-0

[Event "CAT-chT Honor Division 2019"]
[Site "Catalonia"]
[Date "2019.01.19"]
[Round "1"]
[White "Saldana Caballe, Enric"]
[Black "Garcia Marin, Guillem"]
[Result "1-0"]
[ECO "C42"]
[WhiteElo "2069"]
[BlackElo "2067"]
[Annotator "NA RC"]
[PlyCount "139"]
[EventDate "2019.01.16"]
[EventType "team-tourn"]
[EventCountry "ESP"]
[SourceTitle "playchess.com"]
[Source "ChessBase"]
[SourceQuality "1"]
[TimeControl "5400+30"]

1. e4 e5 2. Nf3 Nf6 3. Nxe5 d6 4. Nf3 Nxe4 5. Nc3 Nxc3 6. dxc3 Be7 7. Bf4 Nd7 8. Qd2 O-O 9. O-O-O Nc5 10. Be2 {C42: Petroff Defence: 3 Nxe5 and unusual White 3rd moves} (10. Be3 Re8 11. Bc4 Be6 12. Bxe6 Nxe6 13. h4 Qd7 14. Qd3 Qc6 15. Qf5 Qc4 16. Ng5 Bxg5 17. hxg5 Nf8 {½-½ (27) Salgado Lopez,I (2651)-Ipatov,A (2657) Izmir 2016}) 10... c6 $146 ({Predecessor:} 10... Re8 11. Rhe1 Bf6 12. Bc4 Be6 13. Bxe6 Rxe6 14. Be3 Ne4 15. Qd3 Qd7 16. g4 Rae8 17. Rg1 Qa4 {1-0 (31) Hague,B (2336)-Dive,R (2318) Hamilton 2016}) 11. Bxd6 Bxd6 12. Qxd6 Qxd6 13. Rxd6 Ne4 14. Rd4 Nxf2 15. Rf1 Ng4 16. Ng5 Ne3 17. Rf3 Nd5 18. Bc4 Be6 19. Bd3 h6 20. Nxe6 fxe6 21. Be4 Rxf3 22. Bxf3 Nf6 23. Rb4 b6 24. Bxc6 Rd8 25. Rd4 Rf8 26. a4 Kf7 27. a5 Ke7 28. axb6 axb6 29. Bf3 e5 30. Rb4 Nd7 31. Kd2 Rf6 32. Rb5 g6 33. Ke3 h5 34. g4 Kd6 35. h3 h4 (35... hxg4 $142 36. Bxg4 Rf4) 36. b3 Kc7 37. Rd5 g5 38. Be4 Rd6 39. Rxd6 Kxd6 40. b4 Nf6 41. Kd3 Ke6 42. Bf5+ Kd6 43. Be4 Ke6 44. Bh1 Kd6 45. c4 Nd7 46. Ke4 Ke6 47. Kd3 Kd6 48. Be4 Nf6 49. Bf5 Kc6 50. Kc3 Kd6 51. Kd3 Kc6 52. c3 Kd6 53. Be4 Nd7 54. Bf3 Nf6 55. c5+ bxc5 56. b5 Nd7 57. Bc6 Nb6 58. Ke4 Ke6 59. c4 Kf6 60. Bd5 Na4 61. Bc6 Nb6 62. Bd5 Na4 63. Bg8 Nb6 64. Kd3 Kg7 65. Be6 Kf6 66. Bf5 Na4 $11 67. Ke3 Nb6 68. Ke4 Nxc4 69. Kd5 Nb6+ 70. Kxc5 1-0

[Event "CAT-chT Honor Division 2019"]
[Site "Catalonia"]
[Date "2019.01.19"]
[Round "1"]
[White "Fernandez Lozano, Francesc"]
[Black "Barberans Sola, Sebastia"]
[Result "1-0"]
[ECO "A45"]
[WhiteElo "1972"]
[BlackElo "1930"]
[Annotator "NA RC"]
[PlyCount "104"]
[EventDate "2019.01.16"]
[EventType "team-tourn"]
[EventCountry "ESP"]
[SourceTitle "playchess.com"]
[Source "ChessBase"]
[SourceQuality "1"]
[TimeControl "5400+30"]

1. d4 Nf6 2. Bg5 Ne4 3. Bf4 d6 4. Nd2 Bf5 5. Nxe4 Bxe4 6. f3 Bg6 7. e4 e6 8. Qd2 d5 9. Bd3 c6 10. Ne2 Be7 11. Be3 Nd7 12. c3 Nf6 13. e5 Nd7 14. O-O Bxd3 15. Qxd3 O-O 16. Rae1 c5 17. f4 f6 18. Qb1 c4 19. f5 Qb6 20. fxe6 Nxe5 21. Nf4 Nd3 22. Nxd3 cxd3 23. Bc1 Qa6 24. Rf3 Rae8 25. a3 Bd8 26. Qxd3 Rxe6 27. Rxe6 Qxe6 28. Re3 Qg4 29. Re1 Bc7 30. Bd2 Qh5 31. g3 Re8 32. Rxe8+ Qxe8 33. Qf5 Qd8 34. Qe6+ Kf8 35. c4 a5 36. cxd5 Qe8 37. Bf4 Qxe6 38. dxe6 Bb6 39. Be3 Ke7 40. Kf2 Bc7 41. d5 b5 42. Bc5+ Bd6 43. Bb6 a4 44. Ke3 f5 45. Bd4 g5 46. Kf3 h5 47. Bc3 Bb8 48. Bb4+ Bd6 49. Bxd6+ Kxd6 50. h4 g4+ 51. Kf4 Ke7 52. Kxf5 Kd6 1-0

[Event "CAT-chT Honor Division 2019"]
[Site "Catalonia"]
[Date "2019.01.26"]
[Round "2"]
[White "Guerra Mendez, Jose Angel"]
[Black "Cuartas, Jaime Alexander"]
[Result "0-1"]
[ECO "C57"]
[WhiteElo "2531"]
[BlackElo "2516"]
[Annotator "ChessBase"]
[PlyCount "88"]
[EventDate "2019.01.16"]
[EventType "team-tourn"]
[EventCountry "ESP"]
[SourceTitle "playchess.com"]
[Source "ChessBase"]
[SourceQuality "1"]
[WhiteTeam "Cerdanyola Valles"]
[BlackTeam "Barbera"]
[TimeControl "5400+30"]

1. e4 e5 2. Nf3 Nc6 3. Bc4 Nf6 4. Ng5 d5 5. exd5 Nd4 6. c3 Nf5 7. O-O Bd6 8. d4 exd4 9. Re1+ Kf8 10. cxd4 a6 11. Nc3 h6 12. Nge4 b5 13. Bb3 Nxe4 14. Nxe4 Bb7 15. Nxd6 cxd6 16. a4 g6 17. Re4 Kg7 18. Rf4 Re8 19. Bd2 Ne7 20. Qf3 f5 21. Qg3 Qd7 22. Rh4 Ng8 23. Bd1 Bxd5 24. Qh3 g5 25. Qg3 Kf8 26. Rh5 f4 27. Qh3 Qxh3 28. Rxh3 bxa4 29. Bxa4 Re2 30. Bc3 Rb8 31. Bd1 Re7 32. Ba4 Kg7 33. Rd3 Nf6 34. Rdd1 Kf7 35. Bc2 Bc4 36. Bd3 Bxd3 37. Rxd3 Nd5 38. h4 g4 39. g3 f3 40. Kf1 Re2 41. Be1 Rbxb2 42. Rda3 Nb4 43. Kg1 Nc2 44. Bc3 Rb5 0-1

[Event "CAT-chT Honor Division 2019"]
[Site "Catalonia"]
[Date "2019.01.26"]
[Round "2"]
[White "Vila Gazquez, Xavier"]
[Black "Gual Pascual, Antonio"]
[Result "0-1"]
[ECO "B07"]
[WhiteElo "2475"]
[BlackElo "2362"]
[Annotator "RC"]
[PlyCount "130"]
[EventDate "2019.01.16"]
[EventType "team-tourn"]
[EventCountry "ESP"]
[SourceTitle "playchess.com"]
[Source "ChessBase"]
[SourceQuality "1"]
[WhiteTeam "Barbera"]
[BlackTeam "Cerdanyola Valles"]
[TimeControl "5400+30"]

1. e4 d6 2. d4 Nf6 3. Nc3 g6 4. Bg5 c6 5. Qd2 Nbd7 6. f4 d5 7. e5 Ne4 8. Nxe4 dxe4 9. e6 fxe6 10. Ne2 Bg7 11. Nc3 Qa5 12. Bc4 Nb6 13. Bb3 Nd5 14. O-O-O h6 15. Bh4 e3 16. Qe1 Nxf4 17. Bg3 e2 18. Rd2 O-O 19. Nxe2 Nd5 20. c4 Nb4 21. a3 Na6 22. Nf4 Qb6 23. Qe3 c5 24. d5 e5 25. Ne2 Bf5 26. Ba2 Qf6 27. Nc3 Nb8 28. Ne4 Qb6 29. Nxc5 Nd7 30. Bf2 Nxc5 31. Qxc5 Qf6 32. Re1 h5 33. Qe3 Kh7 34. Qg3 Rac8 35. Be3 Qa6 36. Bg5 Rxc4+ 37. Bxc4 Qxc4+ 38. Qc3 Qa2 39. Rc2 Rc8 40. Qxc8 Bxc8 41. Rxc8 Qa1+ 42. Kd2 Qxb2+ 43. Rc2 Qxa3 44. Ke2 Qa4 45. Kd2 Qa5+ 46. Ke2 Qxd5 47. h4 Qxg2+ 48. Kd1 Qd5+ 49. Kc1 Bf6 50. Rd1 Bxg5+ 51. hxg5 Qf3 52. Re1 Qf4+ 53. Kd1 Qxg5 54. Rce2 Qg4 55. Kd2 Qd4+ 56. Kc2 b5 57. Rxe5 Qc4+ 58. Kb2 b4 59. Rxe7+ Kh6 60. R1e3 Qd4+ 61. Kb3 a5 62. R7e4 Qa1 63. Re6 Qb1+ 64. Kc4 Qc2+ 65. Kd4 a4 0-1

[Event "CAT-chT Honor Division 2019"]
[Site "Catalonia"]
[Date "2019.01.26"]
[Round "2"]
[White "Prie, Eric"]
[Black "Granados Gomez, Manuel"]
[Result "1-0"]
[ECO "D00"]
[WhiteElo "2459"]
[BlackElo "2372"]
[Annotator "ChessBase"]
[PlyCount "87"]
[EventDate "2019.01.16"]
[EventType "team-tourn"]
[EventCountry "ESP"]
[SourceTitle "playchess.com"]
[Source "ChessBase"]
[SourceQuality "1"]
[WhiteTeam "Gerunda"]
[BlackTeam "Foment"]
[TimeControl "5400+30"]

1. d4 d5 2. Bf4 c5 3. Nc3 Nc6 4. e4 cxd4 5. exd5 dxc3 6. dxc6 Qxd1+ 7. Rxd1 bxc6 8. Bc7 Bb7 9. bxc3 Nf6 10. Rb1 Bc8 11. c4 Bf5 12. Bd3 Bxd3 13. cxd3 Nd7 14. Nf3 e6 15. Ke2 Bc5 16. Rb7 Bb6 17. d4 c5 18. Ne5 cxd4 19. Bxb6 Nxb6 20. c5 f6 21. cxb6 axb6 22. Nd7 Rxa2+ 23. Kd3 Ke7 24. Nxb6+ Kd6 25. Nc4+ Kc6 26. Rhb1 Rd8 27. Rxg7 e5 28. f3 Ra6 29. Rbb7 Kd5 30. Nb6+ Ke6 31. Rbe7+ Kf5 32. Nc4 Rb8 33. Rb7 Rxb7 34. Rxb7 Kg6 35. Rb6 Rxb6 36. Nxb6 Kf5 37. g3 h5 38. h4 Ke6 39. Ke4 f5+ 40. Kd3 Kd6 41. Kc4 Ke6 42. Na4 e4 43. Nc5+ Ke5 44. f4+ 1-0

[Event "CAT-chT Honor Division 2019"]
[Site "Catalonia"]
[Date "2019.01.26"]
[Round "2"]
[White "Alonso Moyano, Jonathan"]
[Black "Alonso Garcia, Rene Marcial"]
[Result "1-0"]
[ECO "C07"]
[WhiteElo "2374"]
[BlackElo "2348"]
[Annotator "NA"]
[PlyCount "107"]
[EventDate "2019.01.16"]
[EventType "team-tourn"]
[EventCountry "ESP"]
[SourceTitle "playchess.com"]
[Source "ChessBase"]
[SourceQuality "1"]
[WhiteTeam "Barbera"]
[BlackTeam "Cerdanyola Valles"]
[TimeControl "5400+30"]

1. e4 e6 2. d4 d5 3. Nd2 c5 4. exd5 Qxd5 5. Ngf3 cxd4 6. Bc4 Qd7 7. Nb3 Bb4+ 8. Bd2 Bxd2+ 9. Qxd2 Nf6 10. Nbxd4 O-O 11. O-O-O Qc7 12. Bb3 Na6 13. Rhe1 Nc5 14. Kb1 Bd7 15. Qe2 a5 16. a3 Bc6 17. Ba2 Qb6 18. Ka1 Na4 19. c3 Bd5 20. Bxd5 Nxd5 21. Qb5 Nc5 22. Qxb6 Nxb6 23. b3 Rfd8 24. a4 f6 25. Rb1 e5 26. Nb5 Rd7 27. Ka2 Nd3 28. Rf1 Rad8 29. Rbd1 Nb4+ 30. cxb4 Rxd1 31. Rxd1 Rxd1 32. bxa5 Nd5 33. Kb2 Rf1 34. Nd6 Rxf2+ 35. Ka3 Rxg2 36. Nxb7 Nc7 37. Nd6 Rf2 38. Ng1 f5 39. b4 e4 40. b5 e3 41. a6 e2 42. Nxe2 Rxe2 43. a7 Na8 44. a5 Re7 45. b6 f4 46. Nf5 Rd7 47. Kb4 g6 48. Nh6+ Kf8 49. Kb5 Ke7 50. Kc6 Kd8 51. a6 f3 52. b7 f2 53. b8=Q+ Ke7 54. Qe5+ {Ke8} 1-0

[Event "CAT-chT Honor Division 2019"]
[Site "Catalonia"]
[Date "2019.01.26"]
[Round "2"]
[White "Ortega Serra, Marc"]
[Black "Hernandez, Cristian Andres"]
[Result "1/2-1/2"]
[ECO "D04"]
[WhiteElo "2352"]
[BlackElo "2320"]
[Annotator "NA"]
[PlyCount "93"]
[EventDate "2019.01.16"]
[EventType "team-tourn"]
[EventCountry "ESP"]
[SourceTitle "playchess.com"]
[Source "ChessBase"]
[SourceQuality "1"]
[WhiteTeam "Cerdanyola Valles"]
[BlackTeam "Barbera"]
[TimeControl "5400+30"]

1. d4 d5 2. Nf3 c6 3. e3 Nf6 4. Bd3 Bg4 5. c4 Nbd7 6. Nc3 e6 7. O-O Bd6 8. e4 dxe4 9. Nxe4 Nxe4 10. Bxe4 O-O 11. h3 Bh5 12. Qb3 Rb8 13. c5 Nf6 14. cxd6 Nxe4 15. Bf4 Bxf3 16. Qxf3 Nxd6 17. Rfd1 Rc8 18. Qa3 Nb5 19. Qg3 f6 20. Qb3 Qd5 21. Qb4 b6 22. a4 a5 23. Qd2 Nd6 24. Bxd6 Qxd6 25. Qe2 Rcd8 26. Rac1 Rf7 27. Qc4 Rc7 28. Re1 Kf7 29. Qb3 Rb8 30. Qd3 Kg8 31. Qc4 Kf7 32. Qd3 g6 33. Qe3 Rd7 34. Qf3 Rc8 35. Qb3 Rb7 36. Qe3 Re7 37. Qb3 Qb4 38. Qe3 Qd6 39. Qb3 Qb4 40. Qe3 Rcc7 41. Qh6 Kg8 42. Qf4 Kf7 43. Qh6 Kg8 44. Qf4 Kf7 45. Qh6 Kg8 46. Qf4 Kf7 47. Qh6 1/2-1/2

[Event "CAT-chT Honor Division 2019"]
[Site "Catalonia"]
[Date "2019.01.26"]
[Round "2"]
[White "Perez Manas, Benjamin"]
[Black "Bru Rullo, Llatzer"]
[Result "0-1"]
[ECO "B40"]
[WhiteElo "2303"]
[BlackElo "2298"]
[Annotator "NA"]
[PlyCount "62"]
[EventDate "2019.01.16"]
[EventType "team-tourn"]
[EventCountry "ESP"]
[SourceTitle "playchess.com"]
[Source "ChessBase"]
[SourceQuality "1"]
[WhiteTeam "Barbera"]
[BlackTeam "Cerdanyola Valles"]
[TimeControl "5400+30"]

1. e4 c5 2. Nf3 e6 3. d4 cxd4 4. Nxd4 Nc6 5. Nxc6 bxc6 6. Bd3 Nf6 7. O-O d5 8. Nc3 Be7 9. Qe2 O-O 10. f4 Qc7 11. Kh1 Bb7 12. Bd2 c5 13. exd5 exd5 14. Rae1 Rfe8 15. Bb5 Bc6 16. Bxc6 Qxc6 17. Qb5 Qc8 18. Qd3 c4 19. Qd4 Qf5 20. Re5 Qxc2 21. Bc1 Bd6 22. Rxe8+ Rxe8 23. Nxd5 Nxd5 24. Qxd5 Bb4 25. Qd1 Qd3 26. b3 Qxd1 27. Rxd1 c3 28. g3 c2 29. Rf1 Rd8 30. Kg2 Rd1 31. Kf2 Bd2 0-1

[Event "CAT-chT Honor Division 2019"]
[Site "Catalonia"]
[Date "2019.01.26"]
[Round "2"]
[White "Mestre Bellido, Hector"]
[Black "Valle Maytin, Luis Enrique"]
[Result "1/2-1/2"]
[ECO "D02"]
[WhiteElo "2285"]
[BlackElo "2285"]
[Annotator "NA"]
[PlyCount "26"]
[EventDate "2019.01.16"]
[EventType "team-tourn"]
[EventCountry "ESP"]
[SourceTitle "playchess.com"]
[Source "ChessBase"]
[SourceQuality "1"]
[WhiteTeam "Foment"]
[BlackTeam "Gerunda"]
[TimeControl "5400+30"]

1. Nf3 d5 2. d4 Nf6 3. g3 b6 4. Bg2 Bb7 5. c4 e6 6. Nc3 Nbd7 7. O-O Be7 8. Bf4 dxc4 9. Qa4 O-O 10. Rfd1 Nd5 11. Ne5 Nxe5 12. dxe5 Nxc3 13. bxc3 Qc8 1/2-1/2

[Event "CAT-chT Honor Division 2019"]
[Site "Catalonia"]
[Date "2019.01.26"]
[Round "2"]
[White "Mayo Casademont, Marti"]
[Black "Torrecillas Martinez, Antonio"]
[Result "1/2-1/2"]
[ECO "A10"]
[WhiteElo "2284"]
[BlackElo "2322"]
[Annotator "NA"]
[PlyCount "65"]
[EventDate "2019.01.16"]
[EventType "team-tourn"]
[EventCountry "ESP"]
[SourceTitle "playchess.com"]
[Source "ChessBase"]
[SourceQuality "1"]
[WhiteTeam "Gerunda"]
[BlackTeam "Foment"]
[TimeControl "5400+30"]

1. c4 Nf6 2. g3 c6 3. Bg2 d5 4. Nf3 g6 5. b3 Bg7 6. Bb2 O-O 7. O-O b6 8. d3 Bb7 9. Nbd2 c5 10. cxd5 Bxd5 11. Qc2 Nc6 12. Rac1 Rc8 13. Qb1 Qd7 14. Qa1 Rfd8 15. Rfd1 Ne8 16. Bxg7 Nxg7 17. Ne5 Nxe5 18. Qxe5 Bxg2 19. Kxg2 Rc6 20. Nf3 Re6 21. Qb2 Nf5 22. Rc4 Qb7 23. Kg1 Nd6 24. Rcc1 Nb5 25. a4 Nd4 26. Nxd4 Rxd4 27. Rc4 Red6 28. Rdc1 a5 29. Rxd4 Rxd4 30. Rc4 Qd7 31. Rxd4 Qxd4 32. Qc2 Qe5 33. e3 1/2-1/2

[Event "CAT-chT Honor Division 2019"]
[Site "Catalonia"]
[Date "2019.01.26"]
[Round "2"]
[White "Estrella Vidiella, Jordi"]
[Black "Gonzalez Vericat, Sergio"]
[Result "1-0"]
[ECO "A45"]
[WhiteElo "2275"]
[BlackElo "2122"]
[Annotator "NA"]
[PlyCount "143"]
[EventDate "2019.01.16"]
[EventType "team-tourn"]
[EventCountry "ESP"]
[SourceTitle "playchess.com"]
[Source "ChessBase"]
[SourceQuality "1"]
[WhiteTeam "Foment"]
[BlackTeam "Gerunda"]
[TimeControl "5400+30"]

1. d4 Nf6 2. Bg5 c5 3. d5 Qb6 4. Bxf6 gxf6 5. Nd2 Qxb2 6. Ngf3 f5 7. e3 Qf6 8. Rb1 Bg7 9. h3 e5 10. g4 e4 11. Ng1 d6 12. Ne2 fxg4 13. Nf4 h5 14. hxg4 Bxg4 15. Be2 Bc8 16. Rg1 Bh6 17. Nxh5 Qc3 18. Rb3 Qa5 19. Nf6+ Ke7 20. Rg8 Bg7 21. Rxh8 Bxh8 22. Bg4 c4 23. Rb1 Bxf6 24. Bxc8 Na6 25. Rxb7+ Kf8 26. Qh5 Nc7 27. Qf5 Be7 28. Be6 Nxe6 29. Qxe4 Rd8 30. dxe6 Qh5 31. exf7 Qxf7 32. Rxa7 d5 33. Qf3 Qxf3 34. Nxf3 Rb8 35. Nd4 Rb1+ 36. Kd2 Bb4+ 37. Ke2 Re1+ 38. Kf3 Bc3 39. Ne2 Bf6 40. Nf4 d4 41. Ne6+ Ke8 42. Nxd4 Bxd4 43. exd4 Rc1 44. Ke4 Rxc2 45. f4 Re2+ 46. Kd5 c3 47. Rc7 Rxa2 48. Rxc3 Kd7 49. Rh3 Ra5+ 50. Ke4 Ke6 51. Rh6+ Ke7 52. d5 Ra1 53. Rb6 Rh1 54. Ke5 Re1+ 55. Kf5 Rg1 56. Re6+ Kf7 57. Re4 Rd1 58. Ke5 Ke7 59. Rd4 Re1+ 60. Kf5 Kd6 61. Kf6 Rg1 62. f5 Rg2 63. Rd1 Rg3 64. Kf7 Rf3 65. f6 Rg3 66. Kf8 Kd7 67. f7 Rg5 68. d6 Rg3 69. Rh1 Kd8 70. Rh8 Kd7 71. Rg8 Rf3 72. Rg6 1-0

[Event "CAT-chT Honor Division 2019"]
[Site "Catalonia"]
[Date "2019.01.26"]
[Round "2"]
[White "Ramirez Carrizo, Victor Jose"]
[Black "Castellet Giralt, Gabriel"]
[Result "1-0"]
[ECO "B76"]
[WhiteElo "2211"]
[BlackElo "2217"]
[Annotator "NA"]
[PlyCount "75"]
[EventDate "2019.01.16"]
[EventType "team-tourn"]
[EventCountry "ESP"]
[SourceTitle "playchess.com"]
[Source "ChessBase"]
[SourceQuality "1"]
[WhiteTeam "Barbera"]
[BlackTeam "Cerdanyola Valles"]
[TimeControl "5400+30"]

1. e4 c5 2. Nf3 Nc6 3. d4 cxd4 4. Nxd4 g6 5. Nc3 Bg7 6. Be3 Nf6 7. Bc4 O-O 8. Bb3 d6 9. f3 Bd7 10. h4 Nxd4 11. Bxd4 b5 12. h5 a5 13. hxg6 hxg6 14. Nd5 a4 15. Nxf6+ exf6 16. Bd5 Qa5+ 17. c3 Rac8 18. Qd2 Rfe8 19. Qf4 Re5 20. Bxe5 dxe5 21. Qd2 Rd8 22. a3 Be6 23. O-O-O f5 24. Qg5 Bxd5 25. Rxd5 Rxd5 26. exd5 Qc7 27. Rd1 Qd6 28. Qh4 f4 29. Qf2 Bf8 30. Qa7 f5 31. Qb7 e4 32. fxe4 fxe4 33. Qxb5 f3 34. gxf3 exf3 35. Qc4 Bh6+ 36. Kb1 g5 37. Qe4 f2 38. Qf5 1-0

[Event "CAT-chT Honor Division 2019"]
[Site "Catalonia"]
[Date "2019.01.26"]
[Round "2"]
[White "Garrido Fernandez, Daniel"]
[Black "Mundet Riera, Jaume"]
[Result "1/2-1/2"]
[ECO "C28"]
[WhiteElo "2194"]
[BlackElo "2090"]
[Annotator "NA"]
[PlyCount "46"]
[EventDate "2019.01.16"]
[EventType "team-tourn"]
[EventCountry "ESP"]
[SourceTitle "playchess.com"]
[Source "ChessBase"]
[SourceQuality "1"]
[WhiteTeam "Foment"]
[BlackTeam "Gerunda"]
[TimeControl "5400+30"]

1. e4 e5 2. Nc3 Nf6 3. Bc4 Nc6 4. d3 Na5 5. Nge2 Nxc4 6. dxc4 Bc5 7. O-O d6 8. Bg5 h6 9. Bxf6 Qxf6 10. Nd5 Qd8 11. b4 Bb6 12. a4 a5 13. Nxb6 cxb6 14. Nc3 axb4 15. Nd5 Be6 16. Rb1 Bxd5 17. Qxd5 Rxa4 18. Qxb7 O-O 19. Qc6 Qa8 20. Qxb6 Qxe4 21. Qxd6 Qxc4 22. Qxe5 Qxc2 23. Qf5 Qc4 1/2-1/2

[Event "CAT-chT Honor Division 2019"]
[Site "Catalonia"]
[Date "2019.01.26"]
[Round "2"]
[White "Escandell, Juan C"]
[Black "Obon Temprano, Sergi"]
[Result "1/2-1/2"]
[ECO "C81"]
[WhiteElo "2188"]
[BlackElo "2273"]
[Annotator "NA"]
[PlyCount "87"]
[EventDate "2019.01.16"]
[EventType "team-tourn"]
[EventCountry "ESP"]
[SourceTitle "playchess.com"]
[Source "ChessBase"]
[SourceQuality "1"]
[WhiteTeam "Cerdanyola Valles"]
[BlackTeam "Barbera"]
[TimeControl "5400+30"]

1. e4 e5 2. Nf3 Nc6 3. Bb5 a6 4. Ba4 Nf6 5. O-O Nxe4 6. d4 b5 7. Bb3 d5 8. dxe5 Be6 9. Be3 Bc5 10. Qe2 Bxe3 11. Qxe3 O-O 12. Rd1 Ne7 13. Nbd2 Nxd2 14. Rxd2 c6 15. Re1 Qd7 16. c3 Rfd8 17. a4 Qa7 18. Nd4 c5 19. Nxe6 fxe6 20. Qh3 Qd7 21. Bc2 g6 22. Qg4 Rf8 23. h4 Nf5 24. h5 Qg7 25. hxg6 Qxg6 26. Qh3 Ra7 27. Re3 Qg5 28. Bxf5 Qxf5 29. Rg3+ Rg7 30. Rxg7+ Kxg7 31. Qe3 Qf4 32. Qxf4 Rxf4 33. axb5 axb5 34. g3 Re4 35. f4 h5 36. Kf2 h4 37. Kf3 hxg3 38. Rg2 b4 39. Rxg3+ Kf7 40. Rh3 bxc3 41. bxc3 Kg7 42. Rg3+ Kf7 43. Rh3 Kg7 44. Rg3+ 1/2-1/2

[Event "CAT-chT Honor Division 2019"]
[Site "Catalonia"]
[Date "2019.01.26"]
[Round "2"]
[White "Rivas Garcia, Victor"]
[Black "Garcia Acosta, Roger"]
[Result "1-0"]
[ECO "C54"]
[WhiteElo "2183"]
[BlackElo "2096"]
[Annotator "NA"]
[PlyCount "65"]
[EventDate "2019.01.16"]
[EventType "team-tourn"]
[EventCountry "ESP"]
[SourceTitle "playchess.com"]
[Source "ChessBase"]
[SourceQuality "1"]
[WhiteTeam "Barbera"]
[BlackTeam "Cerdanyola Valles"]
[TimeControl "5400+30"]

1. e4 e5 2. Nf3 Nc6 3. Bc4 Bc5 4. c3 Nf6 5. d3 a6 6. Bb3 O-O 7. Nbd2 Ba7 8. Nc4 d6 9. Bg5 h6 10. Bh4 Be6 11. Ne3 Na5 12. Bxe6 fxe6 13. Ng4 Kh7 14. Bxf6 Rxf6 15. Nxf6+ Qxf6 16. h4 d5 17. Qe2 Nc6 18. h5 b5 19. Rh4 d4 20. Rg4 Rd8 21. Rc1 Rd6 22. c4 Qf7 23. cxb5 axb5 24. Rxc6 Rxc6 25. Nxe5 Qe8 26. Nxc6 Qxc6 27. Kd1 Bb6 28. e5 Kg8 29. Qe4 Qd7 30. Qg6 c5 31. Qxh6 c4 32. Qg6 Bc5 33. h6 1-0

[Event "CAT-chT Honor Division 2019"]
[Site "Catalonia"]
[Date "2019.01.26"]
[Round "2"]
[White "Chalmeta Ugas, Jordi"]
[Black "Parramon Ros, Francesc"]
[Result "1/2-1/2"]
[ECO "D31"]
[WhiteElo "2142"]
[BlackElo "2077"]
[Annotator "NA"]
[PlyCount "56"]
[EventDate "2019.01.16"]
[EventType "team-tourn"]
[EventCountry "ESP"]
[SourceTitle "playchess.com"]
[Source "ChessBase"]
[SourceQuality "1"]
[WhiteTeam "Foment"]
[BlackTeam "Gerunda"]
[TimeControl "5400+30"]

1. d4 d5 2. c4 e6 3. Nc3 Bb4 4. Nf3 Nf6 5. Bg5 h6 6. Bxf6 Qxf6 7. e3 O-O 8. Bd3 dxc4 9. Bxc4 Nc6 10. O-O Bxc3 11. bxc3 e5 12. Bd5 exd4 13. cxd4 Rd8 14. Be4 Bf5 15. Bxf5 Qxf5 16. Qb3 Na5 17. Qc3 Rac8 18. Ne5 b6 19. Nc6 Nxc6 20. Qxc6 Rd6 21. Qb7 a5 22. Rac1 c5 23. dxc5 Rdc6 24. h3 Rxc5 25. Rxc5 Qxc5 26. Rb1 Rc6 27. Rd1 Rf6 28. Qe4 Qf5 1/2-1/2

[Event "CAT-chT Honor Division 2019"]
[Site "Catalonia"]
[Date "2019.01.26"]
[Round "2"]
[White "Salagran Ferragut, Guillem"]
[Black "Arias Boo, Guillermo"]
[Result "0-1"]
[ECO "B07"]
[WhiteElo "2105"]
[BlackElo "2250"]
[Annotator "NA"]
[PlyCount "72"]
[EventDate "2019.01.16"]
[EventType "team-tourn"]
[EventCountry "ESP"]
[SourceTitle "playchess.com"]
[Source "ChessBase"]
[SourceQuality "1"]
[WhiteTeam "Gerunda"]
[BlackTeam "Foment"]
[TimeControl "5400+30"]

1. e4 d6 2. d4 Nf6 3. Nc3 Nbd7 4. Nf3 e5 5. Bc4 Be7 6. O-O c6 7. a4 Qc7 8. Ba2 h6 9. Re1 Nf8 10. h3 g5 11. Nh2 Ng6 12. Be3 Nf4 13. Ng4 h5 14. Nxf6+ Bxf6 15. h4 Qe7 16. hxg5 Bxg5 17. Bxf4 Bxf4 18. Ne2 Bg4 19. Qd3 Bxe2 20. Rxe2 Qh4 21. g3 Qg4 22. Kg2 h4 23. Rh1 O-O-O 24. Ree1 hxg3 25. fxg3 Rdg8 26. Rxh8 Rxh8 27. Rg1 exd4 28. Qf3 Rh2+ 29. Kxh2 Qxf3 30. gxf4 Qxf4+ 31. Rg3 Qxe4 32. Bb3 d5 33. Kh3 a5 34. Rg4 Qf3+ 35. Kh4 d3 36. cxd3 Qxd3 0-1

[Event "CAT-chT Honor Division 2019"]
[Site "Catalonia"]
[Date "2019.01.26"]
[Round "2"]
[White "Guso Llorca, Jordi"]
[Black "Alvarez Albiol, Victor"]
[Result "1/2-1/2"]
[ECO "A05"]
[WhiteElo "2079"]
[BlackElo "2117"]
[Annotator "NA"]
[PlyCount "162"]
[EventDate "2019.01.16"]
[EventType "team-tourn"]
[EventCountry "ESP"]
[SourceTitle "playchess.com"]
[Source "ChessBase"]
[SourceQuality "1"]
[WhiteTeam "Gerunda"]
[BlackTeam "Foment"]
[TimeControl "5400+30"]

1. Nf3 Nf6 2. g3 g6 3. Bg2 Bg7 4. O-O O-O 5. c4 d6 6. Nc3 e5 7. d3 c5 8. e3 Nc6 9. a3 h6 10. Qc2 Be6 11. e4 Qd7 12. Nd5 Bxd5 13. cxd5 Nd4 14. Nxd4 cxd4 15. Qb3 a5 16. a4 Qc7 17. Bd2 Nd7 18. Rfc1 Nc5 19. Qb5 Qd8 20. Ra3 Qe8 21. Qc4 f5 22. b4 axb4 23. Bxb4 fxe4 24. Bxc5 dxc5 25. Bxe4 Qf7 26. d6 Qxc4 27. Rxc4 Ra5 28. Bxb7 Rd8 29. Be4 Rxd6 30. Rb3 Rda6 31. Rb5 Rxa4 32. Rxa4 Rxa4 33. Rxc5 Ra6 34. Rc7 Rd6 35. Kg2 Rb6 36. h4 Rd6 37. Rc8+ Kf7 38. Rc7+ Kf6 39. Kf3 h5 40. Bc6 Bf8 41. Ke4 Be7 42. Be8 Re6 43. f3 Kg7 44. Bd7 Rb6 45. Be8 Re6 46. Rb7 Kf6 47. Rd7 Rd6 48. Ra7 Re6 49. Rb7 Kg7 50. Kd5 Kf6 51. Rd7 Rb6 52. Bxg6 Rb3 53. Ke4 Rb2 54. Bxh5 Rg2 55. Bg4 Rxg3 56. Rb7 Bd8 57. Rb8 Ke7 58. h5 Rg1 59. h6 Rh1 60. Rb7+ Kf6 61. h7 Be7 62. Rb6+ Kg5 63. Kxe5 Rxh7 64. Kxd4 Bf6+ 65. Ke4 Re7+ 66. Be6 Bc3 67. f4+ Kf6 68. f5 Rg7 69. Bc4+ Ke7 70. Re6+ Kf7 71. Rc6+ Ke7 72. Be6 Bb2 73. Rc4 Rg4+ 74. Kd5 Rg3 75. d4 Rd3 76. Rb4 Ba1 77. Ke4 Rd2 78. Rb7+ Kf6 79. Rf7+ Kg5 80. Rd7 Kf6 81. Bc4 Rxd4+ {[%emt 0:00:30] Ke5+} 1/2-1/2